 Dungeon Crawl Stone Soup version 0.27.1 (webtiles) character file.

Game seed: 2429515440535364953

192 Kinoniko the Cudgeller (level 5, -13/49 HPs)
             Began as a Deep Dwarf Berserker on Sept 3, 2021.
             Was a Believer of Trog.
             Mangled by a gnoll (16 damage)
             ... on level 3 of the Dungeon.
             The game lasted 00:02:29 (1644 turns).

Kinoniko the Cudgeller (Deep Dwarf Berserker)       Turns: 1644, Time: 00:02:30

Health: -13/49     AC: 11    Str: 21    XL:     5   Next: 42%
Magic:  5/5        EV: 10    Int:  8    God:    Trog [**....]
Gold:   134        SH:  0    Dex: 12    Spells: 4/4 levels left

rFire    . . .     SeeInvis .   k - +0 flail
rCold    . . .     Faith    .   (no shield)
rNeg     . . .     Spirit   .   l - +0 plate armour
rPois    .         Reflect  .   (no helmet)
rElec    .         Harm     .   (no cloak)
rCorr    .         Rampage  .   (no gloves)
Will     ++...                  (no boots)
Stlth    ..........             (no amulet)
HPRegen  1.00/turn              r - +4 ring of evasion
MPRegen  0.09/turn              (no ring)

@: strong-willed, on berserk cooldown, regenerating, slowed, very slow
A: damage resistance, heal wounds, sense surroundings 1, no regeneration
a: Heal Wounds, Renounce Religion, Berserk, Trog's Hand


You were on level 3 of the Dungeon.
You worshipped Trog.
Trog was pleased with you.
You visited 1 branch of the dungeon, and saw 3 of its levels.

You collected 134 gold pieces.

Inventory:

Hand Weapons
 a - a +0 mace
 k - a +0 flail (weapon)
Armour
 b - a +0 animal skin
 j - a +0 chain mail
 l - a +0 plate armour (worn)
Jewellery
 r - a +4 ring of evasion (left hand)
Scrolls
 e - 2 scrolls of immolation {unknown}
 f - 2 scrolls of identify {unknown}
 g - a scroll of magic mapping {unknown}
 m - a scroll of teleportation {unknown}
 q - a scroll of vulnerability {unknown}
Potions
 c - a potion of magic {unknown}
 d - 2 potions of might {unknown}
 h - a potion of resistance {unknown}
 i - a potion of curing {unknown}
 n - a potion of heal wounds {unknown}
 o - a potion of flight {unknown}
 p - a potion of ambrosia {unknown}


   Skills:
 - Level 3.3 Fighting
 * Level 5.3 Maces & Flails
 + Level 3.2 Armour
 - Level 2.1 Dodging


You had 4 spell levels left.
You didn't know any spells.
Your spell library was empty.

Dungeon Overview and Level Annotations

Branches:
Dungeon (3/15)

Altars:


Innate Abilities, Weirdness & Mutations

You are resistant to damage.
You can heal yourself by infusing magical energy.
You passively map a small area around you.
You do not regenerate.


Message History

The gnoll hits you from afar with a +0 halberd.
You completely miss the gnoll.
The gnoll is almost dead.
The gnoll hits you but does no damage. The gnoll closely misses you.
You barely miss the gnoll.
The gnoll is almost dead.
The gnoll barely misses you. x4
You hit the gnoll.
You kill the gnoll!
Trog accepts your kill. The gnoll misses you.
The gnoll hits you with a +1 whip of electrocution!
You are too injured to fight recklessly!
You are too injured to fight recklessly!
You are too injured to fight recklessly!
You are too injured to fight recklessly!
You are too injured to fight recklessly!
You are too injured to fight recklessly!
You are too injured to fight recklessly!
You are too injured to fight recklessly!
You are too injured to fight recklessly!
You are too injured to fight recklessly!
You are too injured to fight recklessly!
You are too injured to fight recklessly!
You are too injured to fight recklessly!
Unknown command.
Okay, then.
Your skin crawls.
You feel strong-willed. The gnoll closely misses you.
The gnoll hits you with a +1 whip of electrocution!
The gnoll closely misses you.
You hit the gnoll.
The gnoll is heavily wounded.
The gnoll hits you but does no damage.
You are electrocuted!
* * * LOW HITPOINT WARNING * * *
The gnoll hits you from afar with a +0 halberd!
* * * LOW HITPOINT WARNING * * *
The gnoll hits you but does no damage.
You are electrocuted!!
You die...

#....##...# #.≈...
#....###.## ≈ #......
#....###.# .≈≈.≈≈.
###......# ≈≈≈≈.≈≈
#.#...### ≈≈≈≈≈≈≈ ≈
#.......## ....≈.≈,
#####....#####
#####...≈... , ####
####.....###...(......#*
* #..##
#..##..@gg.$........
##..#
##..#####g.##.......*
##.### ##..#
##..#.....#.
#...######.# ##>......#
###.....##.# *##.......
, #####..#.####
......#.. ,
##......########....#..
##########......####
,..#.#
#.........#.###....#
.....


You could see 3 gnolls.

Vanquished Creatures
  A hound (D:3)
  Terence (D:2)
  Jessica (D:2)
  A gnoll (D:3)
  5 adders
  A dart slug (D:1)
  An orc (D:3)
  7 ball pythons
  6 endoplasms
  3 giant cockroaches (D:2)
  3 goblins
  6 hobgoblins
  3 jackals (D:3)
  2 kobolds
  A quokka (D:1)
  2 frilled lizards
  6 rats
50 creatures vanquished.

Notes
Turn   | Place    | Note
-------+----------+-------------------------------------------
     0 | D:1      | Kinoniko the Deep Dwarf Berserker began the quest for the
                  | Orb.
     0 | D:1      | Reached XP level 1. HP: 20/20 MP: 1/1
    73 | D:1      | Reached XP level 2. HP: 26/27 MP: 2/2
   463 | D:1      | Reached ** piety under Trog
   616 | D:2      | Found a faded altar of an unknown god.
   668 | D:2      | Noticed Terence
   674 | D:2      | Killed Terence
   675 | D:2      | Reached skill level 4 in Maces & Flails
   675 | D:2      | Reached XP level 3. HP: 34/34 MP: 3/3
  1191 | D:2      | You fall into a shaft and drop 1 floor!
  1205 | D:3      | Reached XP level 4. HP: 37/42 MP: 4/4
  1314 | D:2      | Noticed Jessica
  1323 | D:2      | Killed Jessica
  1324 | D:2      | Reached skill level 5 in Maces & Flails
  1324 | D:2      | Reached XP level 5. HP: 49/49 MP: 5/5
  1644 | D:3      | Mangled by a gnoll

Illustrated notes

Levels and vault maps discovered:
D:1:      amcnicky_arrival_feature_with_door, layout_basic, serial_forest,
          infiniplex_forest_straight_4, infiniplex_forest_clump_tiny,
          infiniplex_forest_lined_2, infiniplex_forest_clump_small,
          minmay_misc_feat_alley
D:2:      layout_loops_ring, hellmonk_ecumenical_altar_run_dry,
          minmay_heptomino_l4, uniq_jessica, uniq_terence
D:3:      layout_rooms, serial_rivers, chequers_serial_rivers_small_3,
          chequers_serial_rivers_small_b, chequers_serial_rivers_room_a,
          chequers_serial_rivers_marsh, chequers_serial_rivers_marsh,
          chequers_serial_rivers_micro_b

Skill      XL: |  1  2  3  4  5 |
---------------+----------------+-----
Fighting       | 3 |  3.3
Maces & Flails | 4 5 |  5.3
Armour         | 3 |  3.2
Dodging        | |  2.1

Action                   |  1- 3 |  4- 6 || total
-------------------------+-------+-------++-------
Melee: Mace              |    61 |       ||    61
       Flail             |    37 |    62 ||    99
Invok: Berserk           |     4 |     2 ||     6
       Trog's Hand       |       |     2 ||     2
 Abil: Heal Wounds       |     1 |       ||     1
Armor: Animal skin       |    11 |       ||    11
       Plate armour      |    27 |    42 ||    69
Dodge: Dodged            |    57 |    30 ||    87
